 Dungeon Crawl Stone Soup version 0.29.1-13-g9f3cf754e1 (webtiles) character file.

Game seed: 13531704494822057033

3536 cheesebisquit the Fencer (level 10, 0/74 HPs)
             Began as a Merfolk Gladiator on Jan 26, 2023.
             Was an Initiate of Qazlal.
             Succumbed to a water moccasin's poison
             ... on level 7 of the Dungeon.
             The game lasted 00:27:58 (6685 turns).

cheesebisquit the Fencer (Merfolk Gladiator)        Turns: 6685, Time: 00:27:59

Health: 0/74       AC: -1    Str: 16    XL:     10   Next: 8%
Magic:  10/10      EV: 16    Int: 11    God:    Qazlal [......]
Gold:   100        SH:  0    Dex: 20    Spells: 9/9 levels left

rFire   . . .      SeeInvis .   F - +0 scimitar
rCold   . . .      Faith    .   (no shield)
rNeg    + + .      Spirit   .   z - +3 leather armour of Daramib {Contam rElec rN+ Str+2}
rPois   .          Reflect  .   (helmet restricted)
rElec   +          Harm     .   u - +0 cloak of a Thousand Ghosts {Int+5}
rCorr   .          Rampage  .   (no gloves)
Will    .....      Rage     3%  (no boots)
Stlth   +.........              (no amulet)
HPRegen 0.22/turn               t - ring of positive energy
MPRegen 0.12/turn               (no ring)

@: lethally poisoned (0 -> -8), weak-willed, corroded
A: (nimble swimmer 2), mertail, antennae 1, berserk 1, dopey 1
a: Renounce Religion


You were on level 7 of the Dungeon.
You worshipped Qazlal.
Qazlal was noncommittal.
You visited 2 branches of the dungeon, and saw 8 of its levels.

You collected 330 gold pieces.
You spent 230 gold pieces at shops.

Inventory:

Hand Weapons
 F - a +0 scimitar (weapon)
Missiles
 d - 6 boomerangs (quivered)
 e - a javelin
 o - 7 poisoned darts
 p - 4 atropa-tipped darts
 r - a throwing net
 E - 5 curare-tipped darts
Armour
 u - the +0 cloak of a Thousand Ghosts (worn) {Int+5}
   (You found it on level 3 of the Dungeon)

   Int:       It affects your intelligence (+5).
 z - the +3 leather armour of Daramib (worn) {Contam rElec rN+ Str+2}
   (You found it on level 5 of the Dungeon)

   Str:       It affects your strength (+2).
   rElec:     It insulates you from electricity.
   rN:        It protects you from negative energy.
   Contam:    It causes magical contamination when unequipped.
Jewellery
 t - a ring of positive energy (left hand)
Wands
 i - a wand of mindburst (9)
 C - a wand of digging (5)
Scrolls
 a - a scroll of magic mapping {unknown}
 b - a scroll of torment {unknown}
 l - a scroll of immolation {unknown}
 n - a scroll of blinking
 q - a scroll of enchant weapon {unknown}
 s - a scroll of butterflies
 v - a scroll of amnesia
 y - a scroll of vulnerability
 A - 3 scrolls of noise
 B - a scroll of enchant armour {unknown}
 D - a scroll of poison {unknown}
Potions
 g - a potion of flight
 j - a potion of cancellation
 w - a potion of brilliance


   Skills:
 + Level 5.4 Fighting
 + Level 15.0 Long Blades
 - Level 2.0 Throwing
 + Level 7.2 Dodging


You had 9 spell levels left.
You didn't know any spells.
Your spell library contained the following spells:

 Spells                   Type           Power      Damage    Failure   Level
 Apportation              Tloc           0%         N/A       41%         1
 Alistair's Intoxication  Tmut/Pois      0%         N/A       100%        5
 Blade Hands              Tmut           0%         N/A       100%        5
 Irradiate                Conj/Tmut      0%         3d11      100%        5
 Dragon Form              Tmut           0%         N/A       100%        7


Dungeon Overview and Level Annotations

Branches:
Dungeon (7/15)             Temple (1/1) D:6

Altars:
Ashenzari
Cheibriados
Hepliaklqana
Kikubaaqudgha
Makhleb
Nemelex Xobeh
Okawaru
Qazlal
Trog
Uskayaw
Vehumet
Wu Jian
Xom
Yredelemnul
The Shining One

Shops:
D:3 (   D:6 *


Innate Abilities, Weirdness & Mutations

((You are very nimble when in or above water. (Stealth+, EV+, Speed+++)))
Your lower body shifts to a powerful aquatic tail in water.
You have a pair of small antennae on your head.
You sometimes lose your temper in combat.
You are dopey. (Int -2)


Message History

The acid dragon bites you.
* * * LOW HITPOINT WARNING * * *
The acid dragon barely misses you.
You hit the acid dragon.
The acid dragon is almost dead.
The water moccasin misses you. The acid dragon misses you.
The acid dragon completely misses you.
You slash the acid dragon!
You kill the acid dragon!
Qazlal accepts your kill. The water moccasin barely misses you.
Your life force feels restored.
You hit the water moccasin but do no damage.
The water moccasin barely misses you.
You closely miss the water moccasin. The water moccasin bites you!
* * * LOW HITPOINT WARNING * * *
You are lethally poisoned!
The water moccasin poisons you!
Okay, then.
Blink to where?
Press: ? - help, Dir - move target
Found a mace.
As you read the scroll labelled ETORHU SESK, it crumbles to dust.
It was a scroll of blinking.
* * * LOW HITPOINT WARNING * * *
You feel very sick.
As you read the scroll labelled PYSTRU GYONEZIP, it crumbles to dust.
You hear the tinkle of a tiny bell.
It was a scroll of butterflies.
* * * LOW HITPOINT WARNING * * *
You feel very sick.
As you read the scroll labelled VUDUOBBEOLEH, it crumbles to dust.
It is a scroll of amnesia.
You feel forgetful for a moment.
* * * LOW HITPOINT WARNING * * *
You feel sick.
Okay, then.
Okay, then.
As you read the scroll labelled TOGIARIEKE, it crumbles to dust.
Magic quickly surges around you.
It was a scroll of vulnerability.
You die...

...#+## #.....#
#.....# #.....#
#.....# #.b...#
#.b.bb# #.b.@b#
#...........#
#)..bbb..b..#
#..S..b.....#
#...........#
####...........#
#....####.....##
#....# #.....#
#....#


You could see a water moccasin (weak-willed, ally target).

Vanquished Creatures
  A two-headed ogre (D:5)
  A shadow (D:5)
  A wyvern (D:6)
  Eustachio (D:5)
  A water moccasin (D:4)
  An acid dragon (D:7)
  Duvessa (D:6)
  An ice beast (D:5)
  An orc warrior (D:7)
  2 black bears
  2 centaurs
  A phantom (D:5)
  3 bullfrogs (D:6)
  A kobold brigand (D:6)
  2 scorpions (D:5)
  Dowan (D:6)
  8 wights (D:6)
  A howler monkey (D:6)
  A gnoll bouda (D:5)
  3 hounds
  2 jellies
  Crazy Yiuf (D:6)
  5 orc priests
  2 iguanas
  An orc wizard (D:7)
  11 gnolls
  9 adders
  A shadow imp (D:6)
  2 ufetubi (D:5)
  2 worms (D:4)
  A dart slug (D:1)
  17 orcs
  6 ball pythons
  3 endoplasms (D:1)
  A giant cockroach (D:3)
  11 goblins
  8 hobgoblins
  7 jackals
  4 quokkas
  4 bats
  3 frilled lizards
  8 kobolds
  5 rats
148 creatures vanquished.

Notes
Turn   | Place    | Note
-------+----------+-------------------------------------------
     0 | D:1      | cheesebisquit the Merfolk Gladiator began the quest for the
                  | Orb.
     0 | D:1      | Reached XP level 1. HP: 16/16 MP: 1/1
    94 | D:1      | Reached skill level 4 in Long Blades
   128 | D:1      | Reached XP level 2. HP: 21/22 MP: 2/2
   227 | D:1      | Found a faded altar of an unknown god.
   417 | D:1      | Reached XP level 3. HP: 25/27 MP: 3/3
   418 | D:1      | Reached skill level 5 in Long Blades
  1452 | D:2      | Reached XP level 4. HP: 30/33 MP: 4/4
  1742 | D:3      | Reached skill level 6 in Long Blades
  1843 | D:3      | Found Domu Jas's Weapon Emporium.
  1849 | D:3      | Bought 2 poisoned darts for 8 gold pieces
  1849 | D:3      | Bought 4 atropa-tipped darts for 26 gold pieces
  2106 | D:3      | Gained mutation: Your natural rate of healing is unusually
                  | fast. [potion of mutation]
  2106 | D:3      | Gained mutation: You are weak. (Str -2) [potion of
                  | mutation]
  2106 | D:3      | Gained mutation: You are dopey. (Int -2) [potion of
                  | mutation]
  2198 | D:3      | Reached XP level 5. HP: 34/38 MP: 5/5
  2364 | D:3      | Identified the +0 cloak of a Thousand Ghosts {Int+5}
  2618 | D:4      | Reached skill level 7 in Long Blades
  3062 | D:4      | Reached XP level 6. HP: 44/44 MP: 6/6
  3113 | D:5      | Entered Level 5 of the Dungeon
  3119 | D:5      | Reached skill level 8 in Long Blades
  3127 | D:5      | Noticed a shadow
  3132 | D:5      | Noticed a water moccasin
  3161 | D:4      | Killed a water moccasin
  3199 | D:5      | Killed a shadow
  3200 | D:5      | Reached skill level 9 in Long Blades
  3200 | D:5      | Reached XP level 7. HP: 19/50 MP: 7/7
  3264 | D:5      | Reached skill level 10 in Long Blades
  3277 | D:5      | Identified the +3 leather armour of Daramib {Contam rElec
                  | rN+ Str+2}
  3551 | D:5      | Noticed Eustachio
  3575 | D:5      | Killed Eustachio
  3576 | D:5      | Reached skill level 11 in Long Blades
  3576 | D:5      | Reached XP level 8. HP: 53/56 MP: 8/8
  3793 | D:5      | Reached skill level 12 in Long Blades
  4087 | D:5      | Noticed a two-headed ogre
  4132 | D:5      | Killed a two-headed ogre
  4133 | D:5      | Reached skill level 14 in Long Blades
  4133 | D:5      | Reached XP level 9. HP: 31/61 MP: 9/9
  4347 | D:6      | Found Iges's Assorted Antiques.
  4350 | D:6      | Bought a scroll of identify for 56 gold pieces
  4350 | D:6      | Bought a scroll labelled METROSCHIPRO for 28 gold pieces
  4350 | D:6      | Bought a scroll labelled DEEMOS OGHEUT for 28 gold pieces
  4350 | D:6      | Bought a potion of curing for 84 gold pieces
  4472 | D:6      | Noticed Duvessa
  4472 | D:6      | Noticed Dowan
  4486 | D:6      | Killed Duvessa
  4496 | D:6      | Killed Dowan
  4543 | D:6      | Found a runed translucent door.
  4544 | D:6      | Noticed Crazy Yiuf
  4678 | D:6      | Reached skill level 5 in Dodging
  4811 | D:6      | Found a broken altar of Ashenzari.
  5015 | D:6      | Found a staircase to the Ecumenical Temple.
  5036 | Temple   | Entered the Ecumenical Temple
  5133 | Temple   | Lost mutation: You are weak. (Str -2) [potion of mutation]
  5133 | Temple   | Lost mutation: Your natural rate of healing is unusually
                  | fast. [potion of mutation]
  5133 | Temple   | Gained mutation: You sometimes lose your temper in combat.
                  | [potion of mutation]
  5133 | Temple   | Gained mutation: You have a pair of small antennae on your
                  | head. [potion of mutation]
  5521 | Temple   | Became a worshipper of Qazlal Stormbringer
  5643 | D:6      | Reached skill level 5 in Fighting
  5741 | D:6      | Reached XP level 10. HP: 74/74 MP: 10/10
  6091 | D:6      | Killed Crazy Yiuf
  6363 | D:7      | Reached skill level 15 in Long Blades
  6371 | D:7      | HP: 3/72 [gnoll/+0 flail[a gnoll bouda] (7)]
  6684 | D:7      | HP: 2/74 [poisoned by a water moccasin]
  6685 | D:7      | Succumbed to a water moccasin's poison

Illustrated notes

Levels and vault maps discovered:
D:1:      eino_arrival_cavern_b, layout_rooms, chequers_ecumenical_altar_lobes,
          serial_forest, infiniplex_forest_lined_corner,
          infiniplex_forest_clump_C, infiniplex_forest_clump_C,
          infiniplex_forest_clump_small, infiniplex_forest_end_2,
          infiniplex_forest_clump_long, infiniplex_forest_straight_2
D:2:      layout_loops_cross
D:3:      layout_loops_ring, serial_shops, nicolae_shop_bloodbath_and_beyond
D:4:      layout_loops_ring
D:5:      minmay_chambers_of_fours, layout_cave_pools, roderic_lattice_a,
          minivault_14, uniq_eustachio
D:6:      layout_loops_corners, nicolae_overflow_hidden_temple,
          nicolae_ashenzari_panopticon, minmay_temple_entry_water_ring,
          nicolae_stop_n_shop_1, uniq_crazy_yiuf_cottage, uniq_duvessa
D:7:      layout_gridville, minmay_lizard_king, uniq_prince_ribbit1
Temple:   eino_temple_water

Skill      XL: |  1  2  3  4  5  6  7  8  9 10 |
---------------+-------------------------------+-----
Long Blades    | 4 5 6 7 9 11 14 15 | 15.0
Fighting       | 5 |  5.4
Dodging        | 6 7 |  7.2
Throwing       | |  2.0

Action                   |  1- 3 |  4- 6 |  7- 9 | 10-12 || total
-------------------------+-------+-------+-------+-------++-------
Melee: Long sword        |    95 |   152 |   234 |       ||   481
       Punch             |       |     2 |     2 |     2 ||     6
       Scimitar          |       |       |    48 |    35 ||    83
       Tailslap          |       |       |     2 |       ||     2
Throw: Throwing net      |       |     4 |       |       ||     4
       Dart              |       |     3 |       |       ||     3
       Javelin           |       |     1 |       |       ||     1
       Boomerang         |       |       |     5 |       ||     5
  Use: Potion            |       |     6 |     2 |     5 ||    13
       Scroll            |       |       |     6 |     5 ||    11
Armor: Ring mail         |    32 |    27 |     8 |       ||    67
       Leather armour    |       |       |    76 |     5 ||    81
Dodge: Dodged            |    53 |    89 |   155 |    40 ||   337
